 Dungeon Crawl Stone Soup version 0.21.1-1-g345015fe64 (webtiles) character file.

72 Mrkan the Shield-Bearer (level 4, -7/40 HPs)
             Began as a Minotaur Fighter on May 4, 2018.
             Mangled by a gnoll
             ... wielding a +0 halberd
              (9 damage)
             ... on level 2 of the Dungeon.
             The game lasted 00:03:51 (979 turns).

Mrkan the Shield-Bearer (Minotaur Fighter)           Turns: 979, Time: 00:03:51

Health: -7/40      AC:  7    Str: 22    XL:     4   Next: 7%
Magic:  3/3        EV:  8    Int:  5    God:
Gold:   61         SH:  9    Dex:  9    Spells: 3/3 levels left

rFire    . . .     SeeInvis .   a - +0 war axe
rCold    . . .     Gourm    .   c - +0 shield
rNeg     . . .     Faith    .   b - +0 scale mail
rPois    .         Spirit   .   (helmet restricted)
rElec    .         Reflect  .   (no cloak)
rCorr    .         Harm     .   (no gloves)
MR       .....                  (no boots)
Stlth    ..........             (no amulet)
HPRegen  0.13/turn              g - ring of flight
MPRegen  0.08/turn              (no ring)

@: no status effects
A: retaliatory headbutt, horns 2
a: Evoke Flight


You were on level 2 of the Dungeon.
You were not hungry.

You visited 1 branch of the dungeon, and saw 2 of its levels.

You collected 61 gold pieces.

Inventory:

Hand Weapons
 a - a +0 war axe (weapon)
Armour
 b - a +0 scale mail (worn)
 c - a +0 shield (worn)
 n - a +2 helmet
Jewellery
 g - a ring of flight (left hand)
Scrolls
 i - a scroll of magic mapping {unknown}
 l - 2 scrolls of identify {unknown}
 m - a scroll of enchant weapon {unknown}
Potions
 d - a potion of might
 e - a potion of magic {unknown}
 j - a potion of degeneration {unknown}
 k - a potion of resistance {unknown}
Comestibles
 f - 2 rations
 h - 2 chunks of flesh


   Skills:
 + Level 3.9 Fighting
 + Level 4.0 Axes
 + Level 3.8 Armour
 + Level 0.7 Dodging
 + Level 4.4 Shields


You had 3 spell levels left.
You didn't know any spells.

Dungeon Overview and Level Annotations

Branches:
Dungeon (2/15)

Altars:


Innate Abilities, Weirdness & Mutations

You reflexively headbutt those who attack you in melee.
You have a pair of horns on your head.


Message History

You feel stronger.
You completely miss the rat. You completely miss the gnoll. The rat bites you.
You block the gnoll's attack.
The phantom blinks!
You block the gnoll's attack. The rat bites you but does no damage.
The gnoll hits you with a club.
* * * LOW HITPOINT WARNING * * *
The rat bites you but does no damage. You block the gnoll's attack.
Found an escape hatch in the ceiling.
You see here a whip.
You barely miss the gnoll. You headbutt the gnoll.
The gnoll is moderately wounded.
You hit the rat. You barely miss the gnoll. The gnoll completely misses you.
You block the rat's attack. The gnoll hits you with a halberd.
* * * LOW HITPOINT WARNING * * *
The phantom hits you.
* * * LOW HITPOINT WARNING * * *
The gnoll hits you with a club.
* * * LOW HITPOINT WARNING * * *
The gnoll hits you from afar with a halberd!
You die...

.. #............. .........#
####............. .%.......#
#................
?..=.....###.##.............
...........#.##.............
..............#.............
.....................#######
......†.......###...##
.....?†(†..@..# .#.#
........Wg....#..##.#
........(rg.....#
..............#.#
..................
......##..........# ##.###
#.#.........# #.
#.#...[....g. . ...(....#<.


You could see a phantom, 2 gnolls and a rat.

Vanquished Creatures
  A gnoll (D:2)
  2 adders (D:2)
  2 dart slugs (D:1)
  2 leopard geckos (D:1)
  3 bats
  A giant cockroach (D:1)
  5 goblins (D:1)
  3 hobgoblins
  4 jackals (D:1)
  7 kobolds
  4 frilled lizards
  5 rats (D:1)
39 creatures vanquished.

Notes
Turn   | Place    | Note
-------+----------+-------------------------------------------
     0 | D:1      | Mrkan the Minotaur Fighter began the quest for the Orb.
     0 | D:1      | Reached XP level 1. HP: 19/19 MP: 0/0
   246 | D:1      | Reached XP level 2. HP: 27/27 MP: 1/1
   511 | D:1      | Reached XP level 3. HP: 27/33 MP: 2/2
   963 | D:2      | Noticed a phantom
   975 | D:2      | Reached XP level 4. HP: 14/40 MP: 3/3
   978 | D:2      | HP: 2/40 [gnoll/club (5)]
   979 | D:2      | Mangled by a gnoll

Skill      XL: |  1  2  3 |
---------------+----------+-----
Shields        | 4 |  4.4
Axes           | 3 4 |  4.0
Fighting       | |  3.9
Armour         | |  3.8
Dodging        | |  0.7

Action                   |  1- 3 |  4- 6 || total
-------------------------+-------+-------++-------
Melee: War axe           |    89 |     1 ||    90
       Headbutt          |    13 |     1 ||    14
Armor: Scale mail        |    48 |     2 ||    50
Dodge: Dodged            |    34 |     1 ||    35
Block: Shield            |    57 |     4 ||    61
